 Dungeon Sprint DCSS version 0.17-a0-1570-g74b7129 (webtiles) character file.

5547 tt080 the Carver (level 10, -6/102 HPs)
             Began as a Deep Dwarf Gladiator on July 23, 2015.
             Was the Champion of Makhleb.
             Killed by divine providence
             ... invoked by an orc priest
              (9 damage)
             ... in the Dungeon (Sprint IX: "|||||||||||||||||||||||||||||").
             The game lasted 00:06:26 (958 turns).

tt080 the Carver (Deep Dwarf Gladiator)              Turns: 958, Time: 00:06:26

Health: -6/102     AC: 18    Str: 22    XL:     10   Next: 44%
Magic:  10/10      EV: 23    Int:  8    God:    Makhleb [******]
Gold:   29         SH:  0    Dex: 14    Spells: 0 memorised, 9 levels left

rFire  . . .     SeeInvis .     a - +0 long sword
rCold  . . .     Clarity  .     h - +3 ring mail {MR+}
rNeg   . . .     SustAt   .     (no shield)
rPois  .         Gourm    .     c - +0 helmet
rElec  .         Spirit   .     z - +0 cloak
rCorr  .         Warding  .     q - +2 pair of gloves
rMut   .         NoTele   +     v - +0 pair of boots
MR     ++...                    (no amulet)
Stlth  +.........               t - +2 ring of evasion
                                s - +2 ring of evasion

@: non-regenerating, very resistant to hostile enchantments, very unstealthy
A: damage resistance, recharge devices, sense surroundings 2, slow healing 3
a: Device Recharging, Minor Destruction, Lesser Servant of Makhleb, Major
Destruction, Greater Servant of Makhleb, Renounce Religion


You were in the Dungeon.
You worshipped Makhleb.
Makhleb was exalted by your worship.
You were not hungry.

You visited 1 branch You collected 29 gold pieces.

Inventory:

Hand weapons
 a - a +0 long sword (weapon)
 p - a +2 scimitar of holy wrath
Armour
 b - a +0 leather armour
 c - a +0 helmet (worn)
 h - a +3 ring mail of magic resistance (worn)
 q - a +2 pair of gloves (worn)
 r - a +0 plate armour
 v - a +0 pair of boots (worn)
 z - a +0 cloak (worn)
Magical staves
 o - an uncursed staff of energy
Jewellery
 s - a +2 ring of evasion (left hand)
 t - a +2 ring of evasion (right hand)
Magical devices
 e - a wand of heal wounds (3)
 n - a wand of draining (7)
Scrolls
 k - 4 scrolls of remove curse
 l - 3 scrolls of blinking
 m - 2 scrolls of amnesia
 y - 2 scrolls of fog
 A - a scroll of fear
Potions
 g - 6 potions of curing
 i - a potion of invisibility
 j - 4 potions of magic
 u - a potion of resistance
 w - a potion of brilliance
Comestibles
 d - 40 fruits
 f - 12 bread rations
 x - 13 meat rations


   Skills:
 + Level 10.0 Fighting
 * Level 14.8 Long Blades
 - Level 4.6 Throwing
 + Level 11.6 Armour
 + Level 13.6 Dodging


You had 9 spell levels left.
You didn't know any spells.

Dungeon Overview and Level Annotations

Branches:
Dungeon (1/1)

Altars:
Cheibriados
Dithmenos
Elyvilon
Fedhas
Gozag
Kikubaaqudgha
Makhleb
Nemelex Xobeh
Okawaru
Qazlal
Ru
Sif Muna
Trog
Vehumet
Xom
Yredelemnul
Zin
The Shining One
Beogh
Jiyva
Lugonu


Innate Abilities, Weirdness & Mutations

You are resistant to damage.
You can recharge devices by infusing magical energy.
You passively map the area around you.
You do not heal naturally.


Message History

The orc priest completely misses you.
There is an open door to the Orcish Mines, spattered with blood here.
Things that are here:
an enchanted dagger; a robe; an orc corpse You barely miss the orc priest.
The orc priest calls down the wrath of Beogh upon you.
Something smites you!
* * * LOW HITPOINT WARNING * * *
You hit the orc priest but do no damage.
You slash the orc priest!
The orc priest is heavily wounded.
The orc priest completely misses you.
You barely miss the orc priest.
The orc priest is heavily wounded.
The orc priest mumbles some strange prayers to Beogh against you.
Something smites you!
* * * LOW HITPOINT WARNING * * *
The orc priest invokes the aid of Beogh against you.
Something smites you!
You die...

* ,, , ,, + ,, , + * * ** ** *
* * , ,, ,, ,, , * * * **** * *
* * * , , , + ,, , , , , * ***
* * ** * ,,, ,, , , ,,
▓▓▓▓▓▓▓▓▓▓▓▓▓▓▓▓▓▓▓▓▓▓ **
▓.............@ooooooo , +
▓.▓▓▓▓▓▓▓▓▓▓▓▓▓▓▓▓▓▓▓▓▓▓▓▓▓▓▓▓▓
▓.........................)....
▓▓▓▓▓▓▓▓▓▓▓▓▓▓▓▓▓▓▓▓▓▓▓▓▓▓▓▓▓▓▓
▓.......'......)......†††.(....
▓.▓▓▓▓▓▓▓▓▓▓▓▓▓▓▓▓▓▓▓▓▓▓▓▓▓▓▓▓▓
▓..............................
▓▓▓▓▓▓▓▓▓▓▓▓▓▓▓▓▓▓▓▓▓▓▓▓▓▓▓▓▓▓▓
▓<....))....))....'____________


You could see 2 orc priests, an orc wizard (wandering) and 4 orcs.

Vanquished Creatures
  Harold (D)
  A griffon (D)
  3 spiny frogs (D)
  Psyche (D)
  A fire drake (D)
  3 giant leeches (D)
  A two-headed ogre (D)
  2 blink frogs (D)
  A yak (D)
  A hippogriff (D)
  4 water moccasins (D)
  2 porcupines (D)
  An ogre (D)
  A black bear (D)
  An eye of draining (D)
  A centaur (D)
  An ice beast (D)
  2 crocodiles (D)
  2 giant frogs (D)
  A wight (D)
  2 crimson imps (D)
  A jelly (D)
  An orc wizard (D)
  A hound (D)
  A quasit (D)
  A worker ant (D)
  An iguana (D)
  A gnoll (D)
  3 river rats (D)
  A bat (D)
  A goblin (D)
  2 hobgoblins (D)
  3 kobolds (D)
  A rat (D)
51 creatures vanquished.

Notes
Turn   | Place    | Note
--------------------------------------------------------------
     0 | D        | tt080 the Deep Dwarf Gladiator began the quest for the Orb.
     0 | D        | Reached XP level 1. HP: 19/19 MP: 1/1
    24 | D        | Reached skill level 4 in Dodging
    32 | D        | Noticed a quasit
    32 | D        | Noticed a hound
    32 | D        | Noticed an ogre
    41 | D        | Killed a quasit
    41 | D        | Reached skill level 1 in Armour
    41 | D        | Reached skill level 5 in Dodging
    41 | D        | Reached XP level 2. HP: 18/27 MP: 2/2
    41 | D        | Reached XP level 3. HP: 22/33 MP: 3/3
    43 | D        | Killed a hound
    43 | D        | Reached skill level 5 in Long Blades
    48 | D        | Killed an ogre
    48 | D        | Reached skill level 6 in Long Blades
    48 | D        | Reached skill level 7 in Dodging
    48 | D        | Reached XP level 4. HP: 23/43 MP: 4/4
    48 | D        | Reached XP level 5. HP: 26/49 MP: 5/5
    58 | D        | Found a glowing silver altar of Zin.
    58 | D        | Found a glowing golden altar of the Shining One.
    58 | D        | Found an ancient bone altar of Kikubaaqudgha.
    58 | D        | Found a basalt altar of Yredelemnul.
    58 | D        | Found a shimmering altar of Xom.
    58 | D        | Found a radiant altar of Vehumet.
    59 | D        | Found an iron altar of Okawaru.
    60 | D        | Found a burning altar of Makhleb.
    61 | D        | Found a deep blue altar of Sif Muna.
    62 | D        | Found a bloodstained altar of Trog.
    63 | D        | Found a sparkling altar of Nemelex Xobeh.
    64 | D        | Found a white marble altar of Elyvilon.
    65 | D        | Found a roughly hewn altar of Beogh.
    66 | D        | Found a viscous altar of Jiyva.
    67 | D        | Found a corrupted altar of Lugonu.
    68 | D        | Became a worshipper of Makhleb the Destroyer
    69 | D        | Found a blossoming altar of Fedhas.
    70 | D        | Found a snail-covered altar of Cheibriados.
    71 | D        | Found a shadowy altar of Dithmenos.
    72 | D        | Found a stormy altar of Qazlal.
    73 | D        | Found an opulent altar of Gozag.
    74 | D        | Found a sacrificial altar of Ru.
   121 | D        | Noticed an ice beast
   121 | D        | Noticed a two-headed ogre
   121 | D        | Noticed a jelly
   121 | D        | Noticed a crimson imp
   128 | D        | Killed an ice beast
   128 | D        | Reached skill level 8 in Dodging
   129 | D        | Acquired Makhleb's first power
   139 | D        | Killed a two-headed ogre
   139 | D        | Reached skill level 5 in Armour
   139 | D        | Reached skill level 9 in Dodging
   139 | D        | Reached XP level 6. HP: 22/60 MP: 6/6
   143 | D        | Killed a jelly
   143 | D        | Reached skill level 5 in Fighting
   144 | D        | Acquired Makhleb's second power
   147 | D        | Killed a crimson imp
   157 | D        | Noticed an eye of draining
   157 | D        | Noticed a wight
   157 | D        | Noticed a worker ant
   157 | D        | Noticed a centaur
   157 | D        | Noticed a black bear
   157 | D        | Noticed a crimson imp
   167 | D        | Killed an eye of draining
   167 | D        | Reached skill level 10 in Dodging
   167 | D        | Reached XP level 7. HP: 38/67 MP: 0/7
   175 | D        | Killed a wight
   175 | D        | Acquired Makhleb's third power
   183 | D        | Killed a worker ant
   193 | D        | Killed a crimson imp
   201 | D        | Killed a centaur
   201 | D        | Acquired Makhleb's fourth power
   215 | D        | Killed a black bear
   215 | D        | Reached skill level 10 in Long Blades
   338 | D        | Noticed a giant frog
   338 | D        | Noticed a porcupine
   338 | D        | Noticed a fire drake
   341 | D        | Killed a giant frog
   344 | D        | Noticed a water moccasin
   345 | D        | Noticed a water moccasin
   347 | D        | Killed a porcupine
   352 | D        | Acquired Makhleb's fifth power
   353 | D        | Noticed a water moccasin
   360 | D        | Reached XP level 8. HP: 57/78 MP: 8/8
   367 | D        | Killed a fire drake
   367 | D        | Reached skill level 11 in Dodging
   377 | D        | Killed a water moccasin
   381 | D        | Killed a water moccasin
   385 | D        | Killed a water moccasin
   399 | D        | Noticed an iguana
   399 | D        | Noticed a hippogriff
   399 | D        | Noticed a giant frog
   399 | D        | Noticed a crocodile
   399 | D        | Noticed a yak
   399 | D        | Noticed a griffon
   403 | D        | Killed an iguana
   405 | D        | Noticed a water moccasin
   407 | D        | Noticed a porcupine
   409 | D        | Killed a hippogriff
   420 | D        | Killed a giant frog
   423 | D        | Killed a crocodile
   427 | D        | Noticed a crocodile
   428 | D        | Killed a yak
   428 | D        | Reached skill level 12 in Long Blades
   428 | D        | Gained mutation: You passively map the area around you. [Deep Dwarf growth]
   428 | D        | Reached XP level 9. HP: 85/87 MP: 9/9
   435 | D        | Killed a griffon
   448 | D        | Killed a water moccasin
   459 | D        | Killed a porcupine
   469 | D        | Killed a crocodile
   480 | D        | Noticed a giant leech
   480 | D        | Noticed a spiny frog
   480 | D        | Noticed a giant leech
   480 | D        | Noticed a spiny frog
   480 | D        | Noticed a giant leech
   480 | D        | Noticed a blink frog
   489 | D        | Noticed a spiny frog
   503 | D        | Noticed a blink frog
   526 | D        | Killed a giant leech
   526 | D        | Reached skill level 13 in Long Blades
   526 | D        | Reached skill level 10 in Armour
   543 | D        | Killed a spiny frog
   571 | D        | Killed a giant leech
   582 | D        | Killed a blink frog
   599 | D        | Killed a spiny frog
   616 | D        | Killed a giant leech
   616 | D        | Reached XP level 10. HP: 65/99 MP: 10/10
   628 | D        | Killed a spiny frog
   628 | D        | Reached skill level 14 in Long Blades
   646 | D        | Killed a blink frog
   809 | D        | Noticed Harold
   849 | D        | Killed Harold
   900 | D        | Noticed Psyche
   910 | D        | Killed Psyche
   910 | D        | Reached skill level 10 in Fighting
   950 | D        | Noticed an orc wizard
   950 | D        | Noticed an orc priest
   953 | D        | Killed an orc wizard
   954 | D        | Noticed an orc priest
   958 | D        | HP: 3/102 [orc priest/divine providence (15)]
   958 | D        | Killed from afar by an orc priest

Vault maps used:
D:        linesprint

Action                   |  1- 3 |  4- 6 |  7- 9 | 10-12 || total
-------------------------+-------+-------+-------+-------++-------
Melee: Long sword        |    30 |     3 |   136 |    66 ||   235
       Scimitar          |       |    36 |   144 |       ||   180
Throw: Throwing net      |     3 |       |     5 |       ||     8
Evoke: Wand              |       |       |     1 |     1 ||     2
  Use: Potion            |     2 |     1 |     6 |     1 ||    10
       Scroll            |       |       |     2 |       ||     2
  Eat: Bread ration      |       |       |       |     1 ||     1
